Map: Lerilak Crest

Players

snoeklepel - Winner!

  • Race: Zerg Zerg
  • League: Diamond

LilDicky

  • Race: Terran Terran
  • League: Diamond

VOD

http://www.twitch.tv/tumescentpie

Description

Time

  • Played on: Nov. 30, 2015, 6:03 p.m.
  • Length: 19:55
Show
View Real Time Build Order
Export as new Build Order

snoeklepel Zerg - Winner!

Build Orders: Hatch First 

Get SALT Encoding   

  12  0:01  Drone  
  13  0:12  Overlord  
  13  0:17  Drone  
  14  0:30  Drone  
  14  0:31  Drone  
  16  0:39  Drone  
  17  0:55  Hatchery  
  16  1:00  Drone  
  17  1:12  Spawning Pool  
  17  1:16  Drone  
  17  1:19  Drone  
  17  1:23  Extractor  
  17  1:30  Drone  
  17  1:32  Overlord  
  18  2:06  Queen  
  18  2:07  Queen  
  23  2:08  Zergling x4  
  23  2:09  Drone x2  
  25  2:21  Drone x2  
  27  2:37  Metabolic Boost  
  27  2:41  Drone  
  27  2:42  Roach Warren, Drone  
  28  2:53  Drone x3  
  28  2:55  Drone  
  32  3:03  Drone  
  33  3:11  Queen  
  33  3:12  Overlord  
  35  3:14  Drone  
  36  3:21  Overlord  
  36  3:32  Overlord  
  36  3:33  Drone x2  
  36  3:34  Drone x2, Extractor  
  39  3:41  Lair  
  39  4:00  Overlord, Drone  
  39  4:01  Drone x5  
  44  4:12  Overlord  
  44  4:13  Drone  
  44  4:14  Drone x2  
  47  4:18  Extractor  
  47  4:19  Extractor  
  45  4:44  Drone x4  
  49  4:49  Roach x4  
  57  4:54  Hydralisk Den  
  57  4:59  Hatchery  
  55  5:00  Evolution Chamber  
  55  5:03  Evolution Chamber  
  55  5:07  Infestation Pit  
  52  5:13  Drone x4  
  52  5:14  Drone x4  
  60  5:28  Zerg Melee Weapons Level 1  
  60  5:29  Zerg Ground Armor Level 1  
  60  5:54  Zergling x4  
  60  5:55  Roach, Zergling x2  
  60  5:56  Roach x5  
  75  6:12  Overlord  
  75  6:17  Glial Reconstitution  
  74  6:32  Baneling Nest  
  73  6:34  Hive  
  73  6:37  Drone x5  
  73  6:38  Drone x7  
  85  6:52  Overlord x4  
  85  7:00  Extractor  
  84  7:02  Extractor  
  83  7:10  Overlord  
  83  7:11  Overlord  
  83  7:18  Spire  
  83  7:22  Zerg Melee Weapons Level 2  
  82  7:24  Zerg Ground Armor Level 2  
  82  7:39  Hatchery  
  82  7:41  Overlord  
  81  7:47  Ultralisk Cavern  
  80  8:03  Overlord  
  80  8:04  Zergling x10  
  80  8:05  Zergling x12  
  89  8:06  Zergling x12  
  89  8:07  Zergling x12  
  89  8:08  Centrifical Hooks  
  103  8:17  Drone x3  
  106  8:27  Drone x4  
  106  8:28  Drone x3  
  112  8:46  Chitinous Plating  
  112  8:48  Ultralisk  
  112  8:49  Ultralisk x2  
  112  8:50  Drone  
  112  8:51  Drone x3  
  112  8:52  Drone  
  135  9:02  Queen  
  137  9:03  Drone x4  
  137  9:04  Drone  
  137  9:06  Overlord  
  141  9:20  Zergling x6  
  141  9:22  Overlord x3  
  143  9:24  Baneling x3  
  143  9:25  Baneling x7  
  143  9:26  Baneling x5  
  143  9:27  Baneling  
  143  9:40  Zergling x6  
  143  9:41  Zergling x14  
  143  9:42  Zergling x6  
  156  9:56  Zergling x8  
  156  9:59  Zerg Melee Weapons Level 3  
  160  10:00  Zerg Ground Armor Level 3  
  160  10:15  Adrenal Glands  
  160  10:25  Extractor  
  160  10:26  Extractor  
  160  10:27  Overlord x2  
  158  10:28  Ultralisk  
  158  10:29  Ultralisk  
  158  10:30  Overlord  
  158  10:31  Zergling x6  
  158  10:32  Zergling x4  
  175  10:53  Drone x8  
  175  10:54  Drone x2  
  175  10:56  Hatchery  
  184  11:00  Viper  
  184  11:01  Ultralisk  
  184  11:02  Ultralisk  
  199  11:06  Baneling x3  
  199  11:07  Baneling x6  
  199  11:08  Baneling x5  
  199  11:13  Pathogen Glands  
  158  12:04  Ultralisk  
  158  12:05  Ultralisk x5  
  158  12:06  Ultralisk  
  158  12:07  Drone  
  158  12:08  Zergling x12  
  171  12:09  Zergling x8  
  114  12:44  Mutalisk x5  
  109  12:45  Mutalisk x2  
  123  12:53  Overlord  
  123  12:58  Hydralisk x3  
  123  12:59  Hydralisk x2  
  123  13:01  Zergling x6  
  123  13:02  Zergling x8  
  140  13:20  Hydralisk  
  140  13:21  Mutalisk x2, Hydralisk  
  136  13:57  Zergling x2  
  136  13:58  Zergling x16  
  136  13:59  Zergling x12  
  136  14:00  Zergling x2  
  123  14:07  Mutalisk  
  123  14:09  Corruptor x3  
  117  14:10  Corruptor x3  
  127  14:30  Corruptor x4  
  101  14:57  Corruptor x2  
  101  14:59  Zergling x6  
  100  15:00  Zergling x8  
  98  15:21  Zergling x2  
  98  15:22  Zergling x10  
  104  15:35  Mutalisk x3  
  110  15:49  Baneling x6  
  106  15:50  Baneling  
  106  15:52  Queen  
  106  16:13  Zergling x8  
  106  16:14  Zergling x12  
  92  16:57  Zergling x12  
  92  16:58  Zergling x6  
  101  17:34  Zergling x16  
  101  17:35  Zergling x6  
Show
View Real Time Build Order
Export as new Build Order

LilDicky Terran 

Build Orders:  

Get SALT Encoding   

  12  0:01  SCV  
  13  0:13  SCV  
  14  0:21  Supply Depot  
  14  0:25  SCV  
  15  0:29  Refinery  
  15  0:43  SCV  
  15  0:46  Barracks  
  16  0:57  SCV  
  17  1:09  SCV  
  18  1:21  SCV  
  19  1:33  SCV  
  19  1:37  Reaper  
  19  1:39  Supply Depot  
  21  1:54  Orbital Command  
  21  1:59  Command Center  
  21  2:09  Refinery, Marine  
  22  2:17  Factory  
  22  2:21  SCV  
  23  2:33  SCV, Barracks Tech Lab  
  24  2:46  SCV  
  25  2:58  SCV  
  26  3:17  Command Center, Barracks Reactor  
  26  3:18  Orbital Command  
  26  3:22  Siege Tank  
  26  3:24  SCV  
  30  3:34  Supply Depot  
  30  3:55  Siege Tank, Marine  
  34  4:08  Orbital Command  
  34  4:10  SCV  
  34  4:16  Starport  
  35  4:18  Marine x2  
  35  4:22  SCV  
  38  4:27  Siege Tank  
  41  4:43  Liberator  
  41  4:46  Marine x2  
  41  4:52  SCV  
  44  4:54  SCV  
  44  4:55  Orbital Command  
  44  5:01  Command Center  
  47  5:22  Marine  
  47  5:27  SCV  
  49  5:30  Supply Depot, SCV x2  
  49  5:31  Supply Depot  
  49  5:33  Barracks  
  51  5:35  Barracks  
  51  5:39  SCV  
  51  5:40  Marine x2  
  55  5:42  SCV  
  55  5:43  SCV, Siege Tank  
  58  5:51  SCV, Liberator  
  58  5:52  Liberator  
  64  6:22  Supply Depot  
  64  6:24  Supply Depot  
  64  6:29  Barracks Reactor, Barracks Tech Lab x2  
  64  6:32  SCV x2  
  66  6:33  Siege Tank, Engineering Bay  
  66  6:35  SCV, Engineering Bay  
  66  6:39  Orbital Command  
  70  6:45  Orbital Command  
  70  6:50  SCV  
  70  6:51  SCV  
  72  7:04  Terran Infantry Weapons Level 1, Terran Infantry Armor Level 1  
  72  7:06  Marine  
  72  7:07  Marine  
  74  7:10  SCV x2, Refinery  
  74  7:15  Missile Turret  
  76  7:16  Refinery  
  76  7:20  Refinery  
  76  7:21  Refinery  
  76  7:23  Siege Tank  
  76  7:24  Marine x2  
  76  7:27  SCV x4  
  85  7:32  Command Center  
  85  7:35  Marine x2  
  87  7:42  Barracks  
  87  7:44  Barracks x2  
  87  7:45  Command Center  
  87  7:47  SCV, Marine  
  89  7:52  Command Center  
  89  7:53  Stimpack  
  89  8:04  Marine x3  
  92  8:10  SCV  
  92  8:11  Siege Tank  
  96  8:13  Combat Shields  
  96  8:18  Armory  
  96  8:19  SCV x2  
  98  8:26  Missile Turret  
  98  8:27  Missile Turret  
  98  8:30  SCV, Missile Turret, Marine x2  
  98  8:31  Missile Turret x2  
  101  8:39  Missile Turret  
  101  8:41  Supply Depot  
  101  8:48  Liberator x2  
  101  9:06  Marine x2  
  101  9:07  Barracks Reactor x2  
  101  9:08  Barracks Tech Lab  
  109  9:14  Marine x2  
  111  9:34  Marine  
  111  9:37  Planetary Fortress  
  112  9:40  Orbital Command  
  112  9:41  Orbital Command  
  112  9:42  Terran Infantry Weapons Level 2, Marine x2  
  112  9:43  Terran Infantry Armor Level 2  
  112  9:44  Terran Vehicle And Ship Armor Level 1  
  114  9:46  Armory  
  114  9:48  Medivac x2  
  114  9:50  Starport, Orbital Command  
  118  10:04  Orbital Command  
  118  10:05  Missile Turret  
  118  10:06  Missile Turret x2  
  118  10:08  Missile Turret  
  118  10:09  Missile Turret  
  118  10:10  Refinery  
  118  10:11  Refinery  
  118  10:13  Missile Turret  
  118  10:14  Marine x2  
  118  10:15  Marine x4  
  118  10:19  Marine x3  
  118  10:20  Concussive Shells  
  127  10:28  Starport Tech Lab  
  127  10:29  Fusion Core  
  127  10:32  Marine  
  127  10:35  Factory  
  128  10:42  Terran Ship Weapons Level 1  
  128  10:45  SCV x3  
  128  10:46  Marine x2  
  128  10:47  Marine  
  128  10:48  Armory  
  134  10:56  Marine  
  135  10:57  Marine  
  135  10:58  Marine  
  135  10:59  Marauder x2  
  141  11:04  Siege Tank  
  144  11:22  Raven, Medivac x2  
  150  11:45  Marine  
  141  12:00  Marine  
  122  12:01  Marine x2  
  122  12:05  Battlecruiser  
  122  12:06  Marine x2  
  122  12:08  Marine x2  
  109  12:09  Marine x2  
  110  12:18  Marine  
  110  12:19  Marine x2  
  112  12:24  Marine x2  
  112  12:25  Marine  
  112  12:26  SCV, Marine  
  112  12:27  Marine x2  
  114  12:36  Marine  
  115  12:37  Marine x2  
  115  12:41  Marine  
  115  12:42  Marine  
  115  12:43  Marine  
  114  12:48  Terran Infantry Weapons Level 3, Terran Infantry Armor Level 3, Marine x2  
  115  13:00  Marine x2  
  115  13:01  Marauder  
  119  13:09  Marine x2  
  121  13:18  Orbital Command  
  121  13:22  Marine  
  122  13:46  Supply Depot x2  
  122  13:53  Marauder  
  122  13:54  Marine x5  
  122  13:58  Marine  
  122  13:59  Marine x2  
  122  14:02  Battlecruiser  
  101  14:11  Marine x3  
  101  14:12  Marine x2  
  101  14:14  Marine  
  101  14:16  Marine  
  108  14:17  Marine x2  
  110  14:29  Marine x3  
  110  14:30  Marine x2  
  114  14:32  Marine  
  114  14:34  Marine  
  116  14:39  Marine x2  
  116  14:42  Orbital Command  
  108  14:48  Marauder x2  
  108  14:50  Marauder  
  112  14:55  Liberator x2  
  109  15:06  Battlecruiser  
  102  15:35  Marine x3  
  102  15:36  Marauder  
  102  15:37  Liberator  
  102  15:38  Liberator  
  104  15:45  Marine x3  
  107  15:53  Liberator  
  86  16:06  Marine x5  
  86  16:07  Marine x4  
  90  16:20  Liberator  
  81  16:28  Liberator  
  79  16:38  Marine x2  
  17  17:46  SCV  
  13  17:58  SCV  
  13  18:10  SCV  
  11  18:22  SCV  
Tags
 
Add a new tag
Caveats
  • Supply blocks, unpowered buildings, or Contaminate may cause inaccurate times.
  • Supply counts are checked every 10 seconds.